Map: Iron Fortress LE (Void)

Players

raynors - Winner!

  • Race: Protoss Protoss
  • League: Grandmaster

IlIIlIlIlIIl - Winner!

  • Race: Protoss Protoss
  • League: Grandmaster

SirZima

  • Race: Terran Terran
  • League: Grandmaster

Apex

  • Race: Terran Terran
  • League: Grandmaster

VOD

Have the link to the VOD?

Description

Time

  • Played on: June 10, 2015, 3:50 a.m.
  • Length: 6:10
Show
View Real Time Build Order
Export as new Build Order

raynors Protoss - Winner!

Build Orders:  

Get SALT Encoding   

  12  0:02  Probe  
  13  0:14  Probe  
  13  0:20  Pylon  
  14  0:38  Probe (Chrono Boost)  
  15  0:42  Assimilator  
  15  0:47  Gateway  
  15  0:48  Probe (Chrono Boost)  
  16  0:55  Probe  
  17  1:09  Probe  
  18  1:13  Pylon  
  18  1:16  Pylon  
  18  1:21  Probe  
  19  1:28  Forge  
  19  1:33  Probe  
  20  1:45  Probe  
  21  1:57  Cybernetics Core, Probe  
  22  2:09  Probe (Chrono Boost)  
  22  2:14  Photon Cannon  
  23  2:19  Photon Cannon  
  23  2:21  Probe (Chrono Boost)  
  24  2:25  Photon Cannon  
  24  2:28  Probe (Chrono Boost)  
  25  2:33  Warp Gate (Chrono Boost)  
  25  2:38  Gateway  
  25  2:47  Photon Cannon  
  25  2:56  Gateway  
  24  3:06  Gateway  
  26  3:14  Adept (Chrono Boost)  
  24  3:25  Pylon  
  24  4:08  Adept x2  
  24  4:09  Adept  
  30  4:11  Adept  
  30  4:14  Probe  
  33  4:17  Assimilator  
  33  4:20  Pylon  
  33  4:26  Probe  
  34  4:34  Adept x4  
  34  4:37  Pylon  
  39  5:03  Adept  
  39  5:04  Adept x3  
  47  5:15  Probe (Chrono Boost)  
  46  5:25  Probe (Chrono Boost)  
  43  5:29  Stalker x3  
  43  5:31  Zealot  
  45  5:43  Probe (Chrono Boost)  
  44  5:52  Probe (Chrono Boost)  
  44  5:56  Adept x3  
  49  6:01  Sentry  
Show
View Real Time Build Order
Export as new Build Order

IlIIlIlIlIIl Protoss - Winner!

Build Orders:  

Get SALT Encoding   

  12  0:01  SCV  
  13  0:13  SCV  
  14  0:19  Supply Depot  
  14  0:25  SCV  
  15  0:41  SCV  
  16  0:47  Barracks  
  16  0:49  Refinery  
  16  1:00  SCV  
  17  1:08  Barracks  
  17  1:12  SCV  
  17  1:17  Supply Depot  
  18  1:24  SCV  
  19  1:35  Marine  
  20  1:59  Command Center, Marine x2  
  22  2:08  Orbital Command  
  22  2:19  Marine x2  
  24  2:34  SCV  
  24  2:36  Marine  
  27  2:51  SCV  
  27  2:54  Marine  
  28  3:03  SCV  
  28  3:04  Factory  
  29  3:09  Bunker  
  29  3:13  Orbital Command  
  29  3:14  Bunker  
  29  3:15  SCV  
  29  3:17  Marine x2  
  27  3:27  SCV  
  27  3:34  Bunker  
  27  3:39  SCV  
  28  3:42  Marine  
  28  3:43  Marine  
  30  3:51  SCV, Factory Tech Lab  
  30  3:55  SCV  
  32  4:00  Barracks, Marine x2  
  34  4:18  Marine x2  
  31  4:34  Siege Tank  
  31  4:36  Marine x2  
  33  4:53  SCV x2  
  33  4:54  Marine x2  
  37  5:05  SCV x2  
  37  5:06  Siege Tank  
  29  5:30  SCV  
  29  5:33  Marine x2  
  29  5:34  Marine  
  29  5:38  Siege Tank  
  32  5:47  SCV x2  
  33  5:51  Marine x2  
  33  5:52  Marine  
  29  6:00  Barracks  
  29  6:02  Barracks  
Show
View Real Time Build Order
Export as new Build Order

SirZima Terran 

Build Orders:  

Get SALT Encoding   

Show
View Real Time Build Order
Export as new Build Order

Apex Terran 

Build Orders:  

Get SALT Encoding   

Tags
 
Add a new tag
Caveats
  • Supply blocks, unpowered buildings, or Contaminate may cause inaccurate times.
  • Supply counts are checked every 10 seconds.